 Dungeon Crawl Stone Soup version 0.31-a0-217-g58bb5d79cf (webtiles) character file.

Game seed: 7251442836536790355

98 qw the Chopper (level 4, -5/28 HPs)
             Began as a Gargoyle Fighter on July 2, 2023.
             Slain by a gnoll
             ... wielding a +0 halberd
              (8 damage)
             ... on level 3 of the Dungeon.
             The game lasted 00:00:51 (1851 turns).

qw the Chopper (Gargoyle Fighter)                   Turns: 1851, Time: 00:00:51

Health: -5/28      AC: 16    Str: 21    XL:     4   Next: 69%
Magic:  4/4        EV:  5    Int:  9    God:
Gold:   40         SH:  4    Dex:  9    Spells: 3/3 levels left

rFire   . . .        Y - +1 war axe
rCold   . . .        c - +0 buckler
rNeg    + . .        j - +0 plate armour
rPois   inf          l - +0 helmet
rElec   +            (no cloak)
rCorr   .            (no gloves)
SInv    .            (no boots)
Will    .....        (no amulet) Stlth
                     (no ring)
HPRegen 0.24/turn    (no ring)
MPRegen 0.09/turn

%: no passive effects
@: no status effects
A: sickness immunity, AC +3, negative energy resistance 1, electricity
resistance, torment resistance 1, petrification resistance
a: no special abilities


You were on level 3 of the Dungeon.
You visited 1 branch of the dungeon, and saw 3 of its levels.

You collected 40 gold pieces.


Innate Abilities, Weirdness & Mutations

You are immune to sickness and miasma.
Your stone body is resilient. (AC +3)
You are immune to poison.
You resist negative energy. (rN+)
You are resistant to electric shocks. (rElec)
You are resistant to unholy torment.
You are immune to petrification.


   Skills:
 - Level 3.2 Fighting
 + Level 4.3 Axes
 - Level 3.2 Armour
 - Level 3.2 Shields


You had 3 spell levels left.
You didn't know any spells.
Your spell library was empty.

Inventory:

Hand Weapons
 i - a +0 whip
 Y - a +1 war axe (weapon)
Armour
 c - a +0 buckler (worn)
 j - a +0 plate armour (worn)
 l - a +0 helmet (worn)
Jewellery
 f - a ring of fire
Scrolls
 a - a scroll of identify
Potions
 d - a potion of might
 e - a potion of lignification
 k - a potion of curing {unknown}

Dungeon Overview and Level Annotations

Branches:
Dungeon (3/15)

Altars:


Message History

It is a scroll of identify.
Really abort (and waste the scroll)?
Done exploring.
1835 ||| READING scroll labelled JAKKEZOF VIU.
As you read the scroll labelled JAKKEZOF VIU, it crumbles to dust.
It is a scroll of enchant weapon.
Your +0 war axe glows red for a moment.
Done exploring.
(D) Dungeon
Where to? (* - list waypoints, Enter - D:2, ? - help)
What level of the Dungeon? (default 1, ? - help)
There is a stone staircase leading down here.
You climb downwards.
Found a cloak.
Found a stone staircase leading up.
There is a stone staircase leading up here.
There are monsters nearby!
Waypoint 2 assigned to D:3.
Found 13 gold pieces.
The gnoll hits you from afar with a +0 spear.
The gnoll hits you but does no damage. The gnoll hits you with a +0 halberd.
You barely miss the gnoll. You hit the gnoll.
The gnoll hits you but does no damage. The gnoll hits you with a +0 halberd.
You closely miss the gnoll.
The gnoll is lightly wounded.
You closely miss the gnoll.
The gnoll hits you but does no damage. x2; The gnoll barely misses you.
You slash the gnoll!
You kill the gnoll!
You hit the gnoll. The gnoll hits you but does no damage.
The gnoll hits you with a +0 halberd.
The gnoll hits you from afar with a +0 spear.
The gnoll hits you but does no damage.
You slash the gnoll!
The gnoll is severely wounded.
You barely miss the kobold.
The gnoll hits you from afar with a +0 spear!
The gnoll barely misses you. The kobold hits you but does no damage.
You hit the gnoll but do no damage.
The gnoll is severely wounded.
You barely miss the kobold. The gnoll barely misses you.
The gnoll hits you with a +0 halberd!
You die...

#.......#
#.......#
#.......#
#.......#
#.......#
#.......#
#.......###.#
####K<......#
#g.@....##..#
#[...g)..#.#
#.##.##.<..#
#. #..#.# $
.....# .#
#..... ..
..##.## #. ..
.#


You could see 2 gnolls and a kobold.

Vanquished Creatures
  Robin (D:2)
  A gnoll (D:3)
  2 adders (D:2)
  A dart slug (D:2)
  A worm (D:2)
  5 ball pythons
  2 bats (D:2)
  4 endoplasms
  3 giant cockroaches
  11 goblins
  6 hobgoblins
  2 jackals (D:1)
  A quokka (D:1)
  7 frilled lizards
  3 kobolds (D:2)
  3 rats
53 creatures vanquished.

Notes
Turn   | Place    | Note
-------+----------+-------------------------------------------
     0 | D:1      | qw the Gargoyle Fighter began the quest for the Orb.
     0 | D:1      | Reached XP level 1. HP: 14/14 MP: 1/1
     0 | D:1      | 0 ||| qw: Version: 0.3-a-40-ge99b1a8
     0 | D:1      | 0 ||| qw: Game counter: 169
     0 | D:1      | 0 ||| qw: Melee chars always use a shield: true
     0 | D:1      | 0 ||| qw: God list: Okawaru
     0 | D:1      | 0 ||| qw: Allow faded altars: false
     0 | D:1      | 0 ||| qw: Do Orc after clearing Dungeon:15 true
     0 | D:1      | 0 ||| qw: Do second Lair branch before Depths: true
     0 | D:1      | 0 ||| qw: Lair rune preference: random
     0 | D:1      | 0 ||| qw: Goals: Normal, Zot:1-4, Slime:5, God:TSO, Crypt,
                  | Tomb, Abyss, Pan, Hells, Win
     0 | D:1      | 0 ||| PLANNING D:1-11
    50 | D:1      | Reached skill level 2 in Axes
    82 | D:1      | Found a faded altar of an unknown god.
    95 | D:1      | Reached XP level 2. HP: 19/19 MP: 2/2
   448 | D:1      | Reached skill level 3 in Axes
   711 | D:1      | 711 ||| DROPPING amulet of magic regeneration.
   712 | D:1      | 712 ||| DRINKING 2 clear potions.
   801 | D:2      | Reached XP level 3. HP: 19/23 MP: 3/3
   892 | D:2      | 892 ||| FLEEEEING.
   960 | D:2      | 960 ||| Stepping ~*~*~tactically~*~*~ (stealth).
   961 | D:2      | 961 ||| Stepping ~*~*~tactically~*~*~ (stealth).
   974 | D:2      | 974 ||| Stepping ~*~*~tactically~*~*~ (stealth).
  1022 | D:2      | 1022 ||| Stepping ~*~*~tactically~*~*~ (hiding).
  1023 | D:2      | 1023 ||| Stepping ~*~*~tactically~*~*~ (hiding).
  1130 | D:2      | 1130 ||| DROPPING +0 club.
  1272 | D:2      | 1272 ||| Stepping ~*~*~tactically~*~*~ (hiding).
  1545 | D:2      | Reached XP level 4. HP: 26/28 MP: 4/4
  1586 | D:2      | 1586 ||| Stepping ~*~*~tactically~*~*~ (stealth).
  1600 | D:2      | Reached skill level 4 in Axes
  1600 | D:2      | Noticed Robin
  1615 | D:2      | Killed Robin
  1818 | D:2      | 1818 ||| UPGRADING to +0 plate armour.
  1828 | D:2      | 1828 ||| DROPPING +0 scale mail.
  1829 | D:2      | 1829 ||| UPGRADING to +0 helmet.
  1834 | D:2      | 1834 ||| READING 2 scrolls labelled SODOIH JIUTUORGH.
  1835 | D:2      | 1835 ||| READING scroll labelled JAKKEZOF VIU.
  1850 | D:3      | HP: 2/28 [gnoll/+0 spear (7)]
  1851 | D:3      | Slain by a gnoll

Levels and vault maps discovered:
D:1:      shiori_arrival_maze, layout_loops_ring,
          hellmonk_ecumenical_altar_blasted, minmay_misc_feat_four_crosses
D:2:      layout_basic, minmay_crystal_water, kennysheep_generic_room_14,
          uniq_robin
D:3:      layout_loops_cross

Skill      XL: |  1  2  3  4 |
---------------+-------------+-----
Axes           | 2 3 4 |  4.3
Fighting       | |  3.2
Armour         | |  3.2
Shields        | |  3.2

Action                     |  1- 3 |  4- 6 || total
---------------------------+-------+-------++-------
  Melee: War axe           |    95 |    46 ||   141
    Use: Potion            |     1 |       ||     1
         Scroll            |       |     2 ||     2
 Armour: Scale mail        |    36 |    21 ||    57
         Plate armour      |       |     7 ||     7
  Dodge: Dodged            |    43 |    20 ||    63
  Block: Buckler           |    12 |     6 ||    18

Table legend:
 A = Non-vault XP
 B = Vault XP
 C = Vault XP percentage of total XP
 D = Non-vault monster count
 E = Vault monster count
 F = Vault count percentage of total count
                 A         B        C        D         E       F
            +---------+---------+-------+---------+---------+-------
      Total |      97 |      43 |  30.7 |      37 |      16 |  30.2
            +---------+---------+-------+---------+---------+-------
        D:1 |      30 |       3 |   9.1 |      18 |       2 |  10.0
        D:2 |      53 |      40 |  43.0 |      18 |      14 |  43.8
        D:3 |      14 |       0 |   0.0 |       1 |       0 |   0.0
            +---------+---------+-------+---------+---------+-------
